 Dungeon Crawl Stone Soup version 0.32-a0-673-g3729bd50f8 (webtiles) character file.

Game seed: 9275767676061007345

581 BubbleThief the Trooper (level 7, 0/78 HPs)
             Began as an Oni Gladiator on Mar 11, 2024.
             Slain by Prince Ribbit (3 damage)
             ... on level 6 of the Dungeon.
             The game lasted 00:04:46 (3433 turns).

BubbleThief the Trooper (Oni Gladiator)             Turns: 3433, Time: 00:04:47

Health: 0/78       AC:  3    Str: 20 (21) XL:     7   Next: 36%
Magic:  7/7        EV: 10    Int:  6 (9)  God:
Gold:   231        SH:  0    Dex:  7 (10) Spells: 6/6 levels left

rFire   + . .        a - +0 trident
rCold   + . .        (no shield)
rNeg    . . .        b - +0 robe
rPois   .            c - +0 hat
rElec   .            x - scarf {rC+ rF+}
rCorr   .            (gloves unavailable)
SInv    .            (boots unavailable)
Will    +....        y - amulet of magic regeneration
Stlth   +            k - ring of willpower
HPRegen 0.33/turn    (no ring)
MPRegen 0.50/turn

%: no passive effects
@: mighty, attractive
A: large, unfitting armour, horns 1, tough skin 1, double potion healing,
drunken brawling
a: no special abilities


You were on level 6 of the Dungeon.
You visited 1 branch of the dungeon, and saw 5 of its levels.

You collected 231 gold pieces.

Inventory:

Hand Weapons
 a - a +0 trident (weapon)
Missiles
 d - 2 throwing nets
 e - a large rock
 f - 4 poisoned darts (quivered)
Armour
 b - a +0 robe (worn)
 c - a +0 hat (worn)
 x - a scarf of resistance (worn)
Jewellery
 k - a ring of willpower (left hand)
 y - an amulet of magic regeneration (around neck)
Wands
 A - a wand of mindburst (13)
Scrolls
 h - 2 scrolls of fear {unknown}
 j - 9 scrolls of identify {unknown}
 m - a scroll of teleportation {unknown}
 n - a scroll of immolation {unknown}
 o - 2 scrolls of vulnerability {unknown}
 q - a scroll of enchant armour {unknown}
 r - 4 scrolls of poison {unknown}
 s - 3 scrolls of enchant weapon {unknown}
 t - a scroll of blinking {unknown}
 u - 2 scrolls of fog {unknown}
 w - 2 scrolls of noise {unknown}
Potions
 g - 2 potions of degeneration
 i - a potion of might
 l - a potion of attraction
 p - a potion of heal wounds {unknown}
 v - a potion of curing {unknown}
 z - a potion of haste {unknown}
 B - a potion of brilliance {unknown}


   Skills:
 + Level 7.5 Fighting
 + Level 6.2 Polearms
 - Level 2.0 Throwing
 - Level 2.6 Dodging


You had 6 spell levels left.
You didn't know any spells.
Your spell library contained the following spells:

 Spells                   Type           Power      Damage    Failure   Level
 Magic Dart               Conj           0%         1d3       45%         1
 Blink                    Tloc           0%         N/A       58%         2
 Call Imp                 Summ           0%         N/A       58%         2
 Lesser Beckoning         Tloc           0%         N/A       58%         2
 Momentum Strike          Conj/Tloc      0%         3d8       58%         2
 Inner Flame              Hex/Fire       0%         N/A       83%         3
 Tukima's Dance           Hex            0%         N/A       83%         3
 Dimensional Bullseye     Hex/Tloc       0%         N/A       99%         4
 Flame Wave               Conj/Fire      0%         2d4       99%         4
 Iskenderun's Mystic Bla  Conj/Tloc      0%         2d3       99%         4
 Sticky Flame             Fire/Alch      0%         2d4       99%         4


Dungeon Overview and Level Annotations

Branches:
Dungeon (4/15)             Temple (0/1) D:4

Altars:
Gozag
Makhleb
Qazlal
Zin

Annotations:
D:6 Prince Ribbit


Innate Abilities, Weirdness & Mutations

You are too large for most types of armour.
You have a pair of small horns on your head.
You have tough skin. (AC +1)
You gain doubled healing and magic from potions.
Whenever you drink a healing potion, you attack all around you.


Message History

Aiming: Mindburst
Press: ? - help, Shift-Dir - straight line, f/p - Prince Ribbit
Aim: Prince Ribbit (chance to affect: 47%) Prince Ribbit resists with some effort.
Unknown command.
Unknown command.
You puncture Prince Ribbit!
Prince Ribbit is moderately wounded.
Prince Ribbit hits you! Prince Ribbit hits you.
You hit Prince Ribbit but do no damage. Your headbutt misses Prince Ribbit.
Prince Ribbit is moderately wounded.
Prince Ribbit blinks!
Unknown command.
You hit Prince Ribbit.
Prince Ribbit is heavily wounded.
Prince Ribbit barely misses you.
Unknown command.
You puncture Prince Ribbit!
Prince Ribbit is almost dead.
Prince Ribbit hits you!
* * * LOW HITPOINT WARNING * * *
Prince Ribbit hits you!
* * * LOW HITPOINT WARNING * * *
Unknown command.
It was a potion of degeneration.
There was something very wrong with that liquid.
You feel weakened.
You feel dopey.
You feel clumsy. Prince Ribbit hits you!
* * * LOW HITPOINT WARNING * * *
It was a potion of might.
You feel very mighty all of a sudden.
Prince Ribbit lets out a mournful croak.
Prince Ribbit closely misses you.
Prince Ribbit catches a mosquito with his tongue.
Prince Ribbit hits you.
* * * LOW HITPOINT WARNING * * *
It was a potion of attraction.
You feel attractive to monsters. Prince Ribbit hits you.
You die...

)..................,*
*,******
####..........####*,*
*,,,,,,*
####..........#****,*
******,*
####......#.......,,#
*,*
######....#########.##
*,* ###
####......<..(..# *,*
###
#.######.###.#*******,*
###*****#.# #..F.#
*,,,,,,,,,,*
,,,,,,,,..#
#.##@#**,**********
*******#### #,*#.....#
*** *,*###.#.# ,,* *,*
*.#,* *,* *,* *,#,* *,*
*,* *,*,* *,* *,* *,*,*
*,* **,****,*,* *,*
*,>,,,,,,,*


You could see Prince Ribbit.

Vanquished Creatures
  A black bear (D:4)
  2 ogres
  A scorpion (D:6)
  A bombardier beetle (D:4)
  A jelly (D:6)
  An iguana (D:4)
  A sleepcap (D:3)
  5 adders
  A dart slug (D:1)
  A ribbon worm (D:2)
  An orc (D:4)
  9 bats
  11 endoplasms
  5 giant cockroaches
  18 goblins
  6 hobgoblins
  4 jackals
  3 quokkas
  10 ball pythons
  4 frilled lizards
  8 kobolds
  6 rats
100 creatures vanquished.

Notes
Turn   | Place    | Note
-------+----------+-------------------------------------------
     0 | D:1      | BubbleThief the Oni Gladiator began the quest for the Orb.
     0 | D:1      | Reached XP level 1. HP: 22/22 MP: 1/1
   103 | D:1      | Reached skill level 3 in Fighting
   104 | D:1      | Reached XP level 2. HP: 21/31 MP: 2/2
   368 | D:1      | Reached XP level 3. HP: 38/39 MP: 3/3
   737 | D:2      | Reached skill level 4 in Fighting
  1029 | D:2      | Reached XP level 4. HP: 35/48 MP: 4/4
  1551 | D:3      | Found a faded altar of an unknown god.
  1950 | D:3      | Reached skill level 5 in Fighting
  1950 | D:3      | Reached XP level 5. HP: 45/57 MP: 5/5
  2835 | D:4      | Noticed an ogre
  2850 | D:4      | Killed an ogre
  2851 | D:4      | Reached skill level 6 in Fighting
  2851 | D:4      | Reached skill level 5 in Polearms
  2851 | D:4      | Reached XP level 6. HP: 59/67 MP: 6/6
  2910 | D:4      | Noticed a black bear
  2919 | D:4      | Killed a black bear
  3201 | D:4      | Found a staircase to the Ecumenical Temple.
  3287 | D:4      | Found an opulent altar of Gozag.
  3287 | D:4      | Found a stormy altar of Qazlal.
  3293 | D:4      | Found a faded altar of an unknown god.
  3295 | D:4      | Found a glowing silver altar of Zin.
  3297 | D:4      | Found a burning altar of Makhleb.
  3352 | D:4      | You fall into a shaft and drop 2 floors!
  3369 | D:6      | Reached skill level 7 in Fighting
  3369 | D:6      | Reached XP level 7. HP: 54/78 MP: 7/7
  3419 | D:6      | Noticed Prince Ribbit
  3432 | D:6      | HP: 2/78 [Prince Ribbit (4)]
  3433 | D:6      | Slain by Prince Ribbit

Illustrated notes

Levels and vault maps discovered:
D:1:      dpeg_arrival_brainrot, layout_loops_ring, hangedman_decor_lopped
D:2:      kennysheep_the_goblin_king, layout_rooms, minmay_close_crescents
D:3:      minmay_thinvault, layout_loops_corners,
          ebering_ecumenical_altar_petrified, minmay_shallow_snake_nest
D:4:      layout_cave_pools, chequers_temple_overflow_minitemple, temple_pool_b
D:6:      layout_loops_ring, enter_ossuary_3, amcnicky_mini_pool_small,
          uniq_prince_ribbit1

Skill      XL: |  1  2  3  4  5  6  7 |
---------------+----------------------+-----
Fighting       | 3 4 5 6 7 |  7.5
Polearms       | 4 5 6 |  6.2
Throwing       | |  2.0
Dodging        | |  2.6

Action                     |  1- 3 |  4- 6 |  7- 9 || total
---------------------------+-------+-------+-------++-------
  Melee: Trident           |    94 |   165 |    11 ||   270
         Headbutt          |    10 |    26 |     1 ||    37
  Throw: Throwing net      |       |     2 |       ||     2
         Dart              |       |     3 |     3 ||     6
  Evoke: Wand              |       |       |     2 ||     2
    Use: Scroll            |       |     1 |       ||     1
         Potion            |       |       |     3 ||     3
   Stab: Sleeping          |       |     3 |       ||     3
         Held in net/web   |       |     2 |       ||     2
 Armour: Robe              |    53 |    73 |    10 ||   136
  Dodge: Dodged            |    35 |    63 |     5 ||   103

Table legend: (Time is in decaauts)
 A = Elapsed time spent in this place.
 B = Non-inter-level travel time spent in this place.
 C = Inter-level travel time spent in this place.
 D = Time resting spent in this place.
 E = Time spent auto-exploring this place.
 F = Levels seen in this place.
 G = Mean time per level.
                   A        B        C        D        E       F      G
               +--------+--------+--------+--------+--------+-----+--------+
         Total |   3454 |   3340 |    114 |      9 |   2684 |   5 |  690.8 |
       Dungeon |   3454 |   3340 |    114 |      9 |   2684 |   5 |  690.8 |
               +--------+--------+--------+--------+--------+-----+--------+

Top non-repeatable levels by time:
     D:3: 1308 daAuts
     D:2: 784 daAuts
     D:1: 736 daAuts
     D:4: 545 daAuts
     D:6: 80 daAuts
